 Dungeon Crawl Stone Soup version 0.28.0-47-ge53b351184 (webtiles) character file.

Game seed: 16387707273930583274

236918 Exodus22XD the Executioner (level 19, -1/191 HPs)
             Began as a Hill Orc Monk on May 7, 2022.
             Was the Champion of Beogh.
             Slain by a dire elephant (7 damage)
             ... on level 2 of the Vaults.
             The game lasted 03:39:31 (31237 turns).

Exodus22XD the Executioner (Hill Orc Monk)         Turns: 31237, Time: 03:39:31

Health: -1/191     AC: 23    Str: 21    XL:     19   Next: 22%
Magic:  28/28      EV: 12    Int: 21    God:    Beogh [******]
Gold:   2429       SH:  0    Dex: 17    Spells: 18/18 levels left

rFire   + + .      SeeInvis +   I - +3 battleaxe (vorpal)
rCold   + . .      Faith    .   (shield currently unavailable)
rNeg    + + .      Spirit   .   D - +5 ring mail "Buaclyucs" {rC- rN++ Str+3 Int+8}
rPois   +          Reflect  .   H - +1 helmet "Ughedwil" {Harm Dex+4}
rElec   .          Harm     +   w - scarf {rC+ rF+}
rCorr   +          Rampage  .   p - +2 pair of gloves {hurl}
Will    ++++.                   j - +2 pair of boots of Temperance {+Inv Regen+ rCorr Int+3}
Stlth   +.........              r - amulet of Guses {rPois rC+ Will+++ Regen+ Str-4}
HPRegen 2.01/turn               t - ring of see invisible
MPRegen 0.21/turn               N - ring of protection from fire

@: studying Short Blades, invisible
A: walk on water
}: 2/15 runes: barnacled, gossamer
a: Renounce Religion, Evoke Invisibility, Smiting, Recall Orcish Followers, Give
Item to Named Follower, Resurrection


You were on level 2 of the Vaults.
You worshipped Beogh.
Beogh was exalted by your worship.
You visited 6 branches of the dungeon, and saw 33 of its levels.
You also visited: Sewer, Gauntlet and Ice Cave.

You collected 2645 gold pieces.
You spent 216 gold pieces at shops.

Inventory:

Hand Weapons
 i - a +2 vorpal glaive
 I - a +3 vorpal battleaxe (weapon)
 Y - the +10 hand axe "Arcanum" {protect, *Slow rPois rC+++ Int+2}
   (You found it on level 2 of the Shoals)

   It grants its wielder temporary protection when it strikes (+7 to AC).
   Int:       It affects your intelligence (+2).
   rC:        It renders you almost immune to cold.
   rPois:     It protects you from poison.
   *Slow:     It may slow you when you take damage.
Missiles
 O - 17 javelins (quivered)
Armour
 a - the +3 pair of seven-league boots {Rampage+∞}
   (You acquired it on level 5 of the Dungeon)

   Its wearer moves as far as possible in that direction when moving towards
   enemies.
 j - the +2 pair of boots of Temperance (worn) {+Inv Regen+ rCorr Int+3}
   (You found it in a Gauntlet)

   Int:       It affects your intelligence (+3).
   +Inv:      It lets you turn invisible.
   Regen:     It increases your rate of health regeneration.
   rCorr:     It protects you from acid and corrosion.
 p - a +2 pair of gloves of hurling (worn)
 w - a scarf of resistance (worn)
 D - the +5 ring mail "Buaclyucs" (worn) {rC- rN++ Str+3 Int+8}
   (You found it on level 6 of the Dungeon)

   Str:       It affects your strength (+3).
   Int:       It affects your intelligence (+8).
   rC:        It makes you vulnerable to cold.
   rN:        It greatly protects you from negative energy.
 H - the +1 helmet "Ughedwil" (worn) {Harm Dex+4}
   (You found it on level 9 of the Dungeon)

   Dex:       It affects your dexterity (+4).
   Harm:      It increases damage dealt and taken.
 P - a +0 plate armour of fire resistance
 W - +0 ice dragon scales
 X - a +4 chain mail of cold resistance
Jewellery
 n - the ring "Ahitearr" {Fire rN++ rCorr Str-3 Dex+4}
   (You found it on level 9 of the Dungeon)

   [ring of fire]

   It enhances your fire magic.
   Str:       It affects your strength (-3).
   Dex:       It affects your dexterity (+4).
   rF:        It protects you from fire.
   rC:        It makes you vulnerable to cold.
   rN:        It greatly protects you from negative energy.
   rCorr:     It protects you from acid and corrosion.
 r - the amulet of Guses (around neck) {rPois rC+ Will+++ Regen+ Str-4}
   (You acquired it on level 6 of the Dungeon)

   [amulet of regeneration]

   Str:       It affects your strength (-4).
   rC:        It protects you from cold.
   rPois:     It protects you from poison.
   Regen:     It increases your rate of health regeneration.
   Will:      It greatly increases your willpower.
 t - a ring of see invisible (left hand)
 N - a ring of protection from fire (right hand)
 R - a ring of flight
 U - the ring of Jigg {rPois rC++ Will- Dex+6}
   (You found it in a Gauntlet)

   [ring of dexterity]

   Dex:       It affects your dexterity (+6).
   rC:        It greatly protects you from cold.
   rPois:     It protects you from poison.
   Will:      It decreases your willpower.
Wands
 o - a wand of paralysis (27)
 u - a wand of acid (10)
 v - a wand of digging (7)
 x - a wand of mindburst (12)
 B - a wand of iceblast (29)
Scrolls
 b - 4 scrolls of fog
 e - 17 scrolls of teleportation
 f - 2 scrolls of summoning
 g - 6 scrolls of fear
 h - 3 scrolls of holy word
 k - 5 scrolls of enchant armour
 m - 3 scrolls of magic mapping
 q - 4 scrolls of immolation
 y - 7 scrolls of blinking
 E - a scroll of brand weapon
 F - 7 scrolls of vulnerability
 M - 2 scrolls of silence
 S - 3 scrolls of enchant weapon
Potions
 c - 2 potions of resistance
 d - 5 potions of curing
 l - 2 potions of lignification
 s - 2 potions of haste
 z - 3 potions of cancellation
 A - 3 potions of ambrosia
 C - 2 potions of might
 G - 6 potions of flight
 J - 8 potions of mutation
 L - a potion of invisibility
 T - a potion of berserk rage
Miscellaneous
 K - a phial of floods
 V - a phial of floods


   Skills:
 + Level 22.1 Fighting
 + Level 23.9 Axes
 - Level 1.0(13.5) Maces & Flails
 - Level 12.6 Throwing
 + Level 15.7 Armour
 - Level 3.1 Dodging
 - Level 1.5 Stealth
 + Level 12.9 Invocations
 - Level 1.0 Evocations


You had 18 spell levels left.
You didn't know any spells.
Your spell library was empty.

Dungeon Overview and Level Annotations

Branches:
Dungeon (15/15)            Temple (0/1) D:6            Lair (6/6) D:9
 Shoals (4/4) Lair:2       Spider (4/4) Lair:3        Slime (0/5) Lair:5
    Orc (2/2) D:12            Elf (0/3) Orc:2        Vaults (2/5) D:13
 Depths (0/4) D:15          Sewer (visited)           IceCv (visited)
Gauntlet (visited)
  Crypt: Vaults:2-3

Altars:
Cheibriados
Kikubaaqudgha
Nemelex Xobeh
Qazlal
Ru
Sif Muna
Vehumet
Wu Jian
Xom
The Shining One
Jiyva

Shops:
D:5 *   D:7 [   Orc:2 =[[(   Shoals:2 [!   Shoals:4 **

Annotations:
Lair:1 1 runed translucent door, Peloso's ghost, journeyman MiFi


Message History

Gorg no longer looks unusually strong.
The dire elephant misses you.
The dire elephant trunk-slaps you but does no damage.
The wizard gestures wildly while chanting.
The wizard blinks!
Morbeogh roars a battlecry!
Gorg goes into a battle-frenzy!
As you read the scroll of fear, it crumbles to dust.
You assume a fearsome visage.
The dire elephant looks frightened! x2
The dire elephant easily resists.
The dire elephant resists with almost no effort.
The ironbound preserver looks frightened!
The deep troll looks frightened! x3; The white ugly thing looks frightened!
The purple ugly thing looks frightened!
Gorg hits the dire elephant with a +0 demon trident of freezing!!
Gorg freezes the dire elephant.
The dire elephant tramples you.
* * * LOW HITPOINT WARNING * * *
You hold your ground!
The dire elephant trunk-slaps you but does no damage.
The dire elephant tramples you but does no damage.
The dire elephant trunk-slaps you but does no damage.
You hit the dire elephant but do no damage.
The dire elephant is moderately wounded.
You slash the dire elephant!
Gorg barely misses the dire elephant.
The purple ugly thing basks in the mutagenic energy from its kin and changes!
The dire elephant tramples you!!
* * * LOW HITPOINT WARNING * * *
You hold your ground!
The dire elephant trunk-slaps you.
* * * LOW HITPOINT WARNING * * *
The dire elephant tramples you.
* * * LOW HITPOINT WARNING * * *
You hold your ground!
The dire elephant closely misses you.
Milork hits the dire elephant with the +5 trident of the Unseen Realm {flame, Str+4}!!
Milork burns the dire elephant!
You fade into invisibility!
Herok no longer looks unusually strong.
Gorg barely misses the dire elephant.
The dire elephant tramples you!
* * * LOW HITPOINT WARNING * * *
You hold your ground!
The dire elephant trunk-slaps you.
You die...

.....................
######....###########
#....#....#....#..#..
+....#....#....'..'.. ###
#....#....#....#..#.. ..T.
#....#....#...##..##.
...u.#....#....##'##....##
.....Y..Y.#....#..)....oo.
...u.p...@#....#††<....o..
.....#..Y.#))..##[##...o## >...
#.oo.#....#...##..##. ##
#.oo.#....')...#..#..
+.o.Y#....#....'..+..
#.).†#....#....#..#.. ####
##o###....######+##''
#..###.o.#.......o.#......
.......#.o'o'.o.#.........oo.....


You could see 4 dire elephants, 2 ugly things, a deep troll (fleeing), a wizard,
the friendly Morbeogh the orc warlord (strong), a friendly orc knight (strong),
the friendly Gorg the orc knight (strong), the friendly Herok the orc knight, 2
friendly orc knights and the friendly Ogrik the orc knight (strong).

Vanquished Creatures
  Saint Roka (D:13)
  2 frost giants (IceCv)
  4 ghost moths
  2 emperor scorpions (Spider:4)
  A vault warden (Vaults:1)
  2 ironbound preservers (Vaults:1)
  2 very ugly things (Vaults:1)
  2 ironbound thunderhulks
  3 dire elephants
  A spark wasp (Spider:2)
  A minotaur (Gauntlet)
  4 merfolk javelineers (Shoals:4)
  2 merfolk impalers
  2 crystal guardians (Vaults:1)
  3 yaktaur captains
  4 boulder beetles
  An ice dragon (IceCv)
  A radroach (Spider:2)
  7 centaur warriors
  4 hydras
  A catoblepas (Lair:4)
  A merfolk avatar (Shoals:1)
  7 two-headed ogres
  5 ironbound frosthearts
  A death knight (D:14)
  2 dancing weapons (D:13)
  4 death yaks
  A tengu warrior (D:15)
  A hell hog (Gauntlet)
  An orc high priest (Orc:2)
  2 skeletal warriors
  3 pharaoh ants
  12 deep trolls
  A sea snake (Shoals:4)
  2 orb spiders
  4 ironbound convokers
  An orange crystal statue (IceCv)
  Pikel (D:7)
  A kraken simulacrum (Shoals:4)
  3 lindwurms
  A steelbarb worm (Spider:1)
  A necromancer (D:15)
  3 wizards
  2 deep elf pyromancers
  9 harpies
  9 wolf spiders
  5 manticores
  14 ugly things
  4 fauns
  A moth of wrath (Spider:3)
  A naga mage (D:15)
  8 cyclopes
  5 elephants
  3 vault sentinels
  3 black mambas
  8 merfolk sirens
  3 gargoyles
  2 cane toads (Lair:5)
  2 human zombies (Vaults:2)
  3 water nymphs
  An unseen horror (D:12)
  A kobold demonologist (D:13)
  20 rime drakes
  15 yaktaurs
  7 demonic crawlers
  A freezing wraith (D:14)
  4 komodo dragons
  A tengu conjurer (D:13)
  4 trolls
  2 meliai
  2 wind drakes
  12 merfolk
  14 polar bears
  A wolf spider simulacrum (D:15)
  7 tarantellas
  15 slime creatures
  5 snapping turtles
  A dream sheep (Shoals:4)
  12 blink frogs
  12 jumping spiders
  A meliai zombie (D:15)
  3 wyverns
  4 culicivoras
  A shadow (D:10)
  A spriggan (shapeshifter) (D:13)
  3 wraiths
  16 yaks
  A hog (D:15)
  3 vampires
  3 fire bats (Gauntlet)
  5 basilisks
  11 redbacks
  9 vampire mosquitoes
  4 wargs
  An acid dragon (D:11)
  9 water moccasins
  3 hell hounds (Gauntlet)
  Pargi (Sewer)
  2 ice beasts (D:9)
  A meliai simulacrum (D:12)
  7 orc warriors
  2 necrophages
  5 wolves
  3 boggarts (Vaults:1)
  11 centaurs
  3 lemures
  A phantom (D:4)
  6 kobold brigands
  A gnoll sergeant (D:12)
  4 bullfrogs
  A water moccasin zombie (D:5)
  A water moccasin skeleton (D:5)
  An electric eel (Spider:2)
  3 howler monkeys
  A lava snake (Lair:2)
  6 crimson imps (D:10)
  3 centaur zombies
  A hound (D:5)
  5 orc priests
  A jelly (D:6)
  2 gnoll shamans
  A centaur skeleton (D:6)
  4 orc wizards
  7 iguanas
  5 hell rats (Lair:2)
  18 gnolls
  6 adders
  3 shadow imps
  5 white imps
  A howler monkey simulacrum (D:9)
  2 ufetubi
  3 adder skeletons (D:4)
  3 worms
  A dart slug (D:3)
  10 orcs
  5 ball pythons
  7 endoplasms
  4 giant cockroaches
  2 goblins
  6 hobgoblins
  7 jackals (D:2)
  2 quokkas (D:2)
  4 bats
  7 frilled lizards
  16 kobolds
  9 rats
615 creatures vanquished.

Vanquished Creatures (collateral kills)
  Polyphemus (Shoals:4)
  Kirke (D:15)
  Ilsuiw (Shoals:2)
  3 vault wardens
  An emperor scorpion (Spider:4)
  2 orc warlords
  Louise (Spider:1)
  5 ironbound preservers
  2 very ugly things (Vaults:1)
  A broodmother (Spider:4)
  2 ironbound thunderhulks (Vaults:1)
  A white draconian (IceCv)
  8 dire elephants
  2 entropy weavers (Spider:1)
  2 merfolk javelineers
  2 spark wasps (Spider:4)
  7 merfolk impalers
  Josephine (Orc:2)
  2 yaktaur captains (Vaults:1)
  A peacekeeper (Vaults:1)
  2 vault guards (Vaults:2)
  A jorogumo (Spider:3)
  9 hydras
  An ogre mage (D:15)
  4 boulder beetles
  3 catoblepae
  2 ironbound frosthearts
  2 two-headed ogres (D:15)
  5 death yaks
  A deep troll shaman (Lair:6)
  A satyr (shapeshifter) (D:9)
  2 centaur warriors
  A tengu warrior (D:14)
  2 orc high priests (Orc:2)
  The ghost of 101zpm the Thaumaturge, a novice DrAE of Xom (D:9)
  10 sea snakes
  A fire crab (Lair:6)
  5 skeletal warriors (D:14)
  2 pharaoh ants
  A steelbarb worm (Spider:2)
  13 deep trolls
  3 wizards
  12 harpies
  2 ironbound convokers
  A lindwurm (Vaults:2)
  4 orb spiders
  3 orc knights (Vaults:2)
  A deep elf pyromancer (D:15)
  A necromancer (Vaults:2)
  12 wolf spiders
  12 ugly things
  8 fauns
  An orc sorcerer (Orc:2)
  A moth of wrath (Spider:4)
  2 cyclopes (D:15)
  8 manticores
  5 merfolk sirens
  A centaur zombie (D:15)
  A black mamba (Lair:6)
  17 elephants
  5 water nymphs
  A torpor snail (Spider:1)
  A vault sentinel (Vaults:1)
  A gargoyle (D:14)
  9 cane toads
  3 rime drakes
  A human zombie (Vaults:2)
  2 demonic crawlers
  A yaktaur zombie (Vaults:2)
  4 yaktaurs
  7 komodo dragons
  3 tengu conjurers
  19 merfolk
  4 meliai
  3 trolls
  8 tarantellas
  2 polar bears
  3 wind drakes
  A hornet (D:10)
  3 dream sheep
  6 snapping turtles
  An ettin zombie (Vaults:2)
  13 slime creatures
  14 blink frogs
  19 jumping spiders
  9 culicivoras
  A wyvern (Lair:6)
  16 yaks
  A shadow (D:11)
  3 wraiths
  3 water elementals
  2 hogs (D:15)
  6 vampire mosquitoes
  22 redbacks
  3 wargs
  12 water moccasins
  7 orc warriors
  A hornet zombie (D:15)
  An ice beast (D:9)
  An ogre (Orc:2)
  6 wolves
  3 centaurs (D:11)
  3 bullfrogs
  4 gnoll sergeants
  A hornet simulacrum (D:9)
  2 electric eels
  A crimson imp (D:10)
  5 orc priests
  5 orc wizards
  4 hell rats (Lair:2)
  3 centaur simulacra (D:9)
  A howler monkey zombie (D:8)
  3 gnolls
  6 orcs
479 creatures vanquished.

Vanquished Creatures (others)
  An orc warlord (Vaults:2)
  3 orc sorcerers
  2 orc high priests
  4 orc knights
  A wind drake (Shoals:4)
  5 orc warriors
  17 orc priests
  12 orc wizards
  15 orcs
  50 fungi
  146 plants
  8 tentacles (Shoals:4)
  3 withered plants (Gauntlet)
267 creatures vanquished.

Grand Total: 1361 creatures vanquished

Notes
Turn   | Place    | Note
-------+----------+-------------------------------------------
     0 | D:1      | Exodus22XD the Hill Orc Monk began the quest for the Orb.
     0 | D:1      | Reached XP level 1. HP: 19/19 MP: 1/1
   492 | D:1      | Reached XP level 2. HP: 27/27 MP: 2/2
   731 | D:2      | Reached skill level 1 in Armour
   743 | D:2      | Reached XP level 3. HP: 20/33 MP: 3/3
  1575 | D:2      | Reached skill level 5 in Axes
  1575 | D:2      | Reached XP level 4. HP: 29/40 MP: 1/4
  2183 | D:3      | Found an ancient bone altar of Kikubaaqudgha.
  2348 | D:3      | Found a faded altar of an unknown god.
  2754 | D:2      | Reached XP level 5. HP: 14/46 MP: 2/5
  3619 | D:4      | Found a radiant altar of Vehumet.
  3734 | D:4      | Noticed a phantom
  3736 | D:4      | Noticed a centaur
  4106 | D:4      | Killed a centaur
  4107 | D:4      | Reached XP level 6. HP: 10/53 MP: 1/6
  4660 | D:4      | Became a worshipper of Beogh the Brigand
  4660 | D:4      | Reached * piety under Beogh
  4660 | D:4      | Reached ** piety under Beogh
  5174 | D:4      | Reached skill level 6 in Axes
  5174 | D:4      | Reached skill level 5 in Armour
  5374 | D:5      | Entered Level 5 of the Dungeon
  5399 | D:5      | Reached XP level 7. HP: 56/60 MP: 5/7
  5500 | D:5      | Found a glowing drain.
  5523 | Sewer    | Entered a sewer
  5539 | Sewer    | Identified the +7 fustibalus of Dim Light {flame, rF+}
  5563 | Sewer    | Noticed Pargi
  5580 | Sewer    | Killed Pargi
  5581 | Sewer    | Reached skill level 5 in Fighting
  5914 | D:5      | Reached skill level 7 in Axes
  5945 | D:5      | Identified a scroll of acquirement
  5950 | D:5      | Acquired the +3 pair of seven-league boots {Rampage+∞}
  5950 | D:5      | Found the +3 pair of seven-league boots {Rampage+∞}
  6103 | D:5      | Reached XP level 8. HP: 48/69 MP: 6/8
  6105 | D:5      | Reached skill level 8 in Axes
  6294 | D:5      | Found Eseaxt's Overcharged Wands.
  7077 | D:6      | Found a staircase to the Ecumenical Temple.
  7101 | D:6      | Identified the +5 ring mail "Buaclyucs" {rC- rN++ Str+3
                  | Int+8}
  7273 | D:6      | Acquired the amulet of Guses {rPois rC+ Will+++ Regen+
                  | Str-4}
  7577 | D:7      | Noticed Pikel
  7582 | D:7      | Reached *** piety under Beogh
  7591 | D:7      | Reached skill level 9 in Axes
  7648 | D:7      | Killed Pikel
  7649 | D:7      | Reached skill level 10 in Axes
  7649 | D:7      | Reached XP level 9. HP: 57/78 MP: 9/9
  7691 | D:7      | Found a stormy altar of Qazlal.
  7785 | D:7      | Found a snail-covered altar of Cheibriados.
  7785 | D:7      | Found Cheibriados's Comfort Zone.
  8108 | D:7      | Found a sacrificial altar of Ru.
  8319 | D:8      | Noticed a cyclops
  8326 | D:8      | Killed a cyclops
  8327 | D:8      | Reached skill level 11 in Axes
  8913 | D:9      | Noticed a centaur warrior
  8913 | D:9      | Noticed a wizard
  8914 | D:9      | Noticed a manticore
  8924 | D:9      | Noticed a purple ugly thing
  8924 | D:9      | Noticed a two-headed ogre
  8924 | D:9      | Noticed a skeletal warrior
  8934 | D:9      | Found a runed translucent gate.
  8934 | D:9      | Found a runed translucent gate.
  8934 | D:9      | Found a runed translucent gate.
  9132 | D:9      | Found a glowing golden altar of the Shining One.
  9215 | D:9      | Gained Bogrim as an ally
  9262 | D:9      | Noticed a centaur warrior
  9273 | D:9      | Noticed an unseen horror
  9325 | D:9      | Reached **** piety under Beogh
  9338 | D:9      | Found a staircase to the Lair.
  9348 | D:9      | Reached skill level 12 in Axes
  9348 | D:9      | Reached XP level 10. HP: 52/86 MP: 10/10
  9590 | D:10     | Entered Level 10 of the Dungeon
  9644 | D:10     | Noticed a gargoyle
  9654 | D:10     | Killed a gargoyle
  9682 | D:10     | Paralysed by a hornet for 1 turns
  9829 | D:10     | Reached skill level 13 in Axes
  9839 | D:10     | Gained Bogwik as an ally
  9840 | D:10     | Reached skill level 10 in Armour
 10068 | D:10     | Identified the +2 cloak "Witz" {Stlth+}
 10084 | D:10     | Found a sparkling altar of Nemelex Xobeh.
 10338 | D:10     | Reached skill level 14 in Axes
 10441 | D:11     | Noticed a seven-headed hydra
 10443 | D:11     | Reached ***** piety under Beogh
 10457 | D:11     | Killed a seven-headed hydra
 10458 | D:11     | Reached XP level 11. HP: 72/97 MP: 11/11
 10484 | D:11     | Noticed a two-headed ogre
 10502 | D:11     | Killed a two-headed ogre
 10503 | D:11     | Reached skill level 15 in Axes
 10626 | D:11     | Reached skill level 1 in Maces & Flails
 10646 | D:11     | Noticed a seven-headed hydra
 10687 | D:11     | Killed a seven-headed hydra
 11281 | D:12     | Noticed a green ugly thing
 11294 | D:12     | Killed a green ugly thing
 11306 | D:12     | Noticed a two-headed ogre
 11318 | D:12     | Killed a two-headed ogre
 11319 | D:12     | Reached skill level 10 in Fighting
 11361 | D:12     | Reached skill level 16 in Axes
 11407 | D:12     | Noticed a boulder beetle
 11425 | D:12     | Killed a boulder beetle
 11516 | D:12     | Noticed a wizard
 11524 | D:12     | Killed a wizard
 11832 | D:12     | Found a staircase to the Orcish Mines.
 11952 | D:12     | Noticed a manticore
 11963 | D:12     | Killed a manticore
 11964 | D:12     | Reached XP level 12. HP: 108/108 MP: 12/12
 12110 | D:12     | Noticed a two-headed ogre
 12116 | D:12     | Killed a two-headed ogre
 12117 | D:12     | Reached skill level 1 in Invocations
 12349 | D:12     | Reached skill level 17 in Axes
 12725 | D:9      | Noticed 101zpm's ghost (novice DrAE)
 12755 | Lair:1   | Entered Level 1 of the Lair of Beasts
 12842 | Lair:1   | Found a runed translucent door.
 12842 | Lair:1   | Found a shimmering altar of Xom.
 12842 | Lair:1   | Noticed Peloso's ghost (journeyman MiFi)
 12842 | Lair:1   | Noticed a +2 rapier of chaos
 12885 | Lair:1   | Noticed a four-headed hydra
 12897 | Lair:1   | Killed a four-headed hydra
 13599 | Lair:2   | Found a staircase to the Shoals.
 13785 | Lair:2   | Reached ****** piety under Beogh
 13975 | Lair:3   | Found a gate leading to a gauntlet.
 14003 | Gauntlet | Entered a Gauntlet
 14003 | Gauntlet | Found a transporter.
 14003 | Gauntlet | Found a large runed translucent door.
 14003 | Gauntlet | Found a large runed translucent door.
 14003 | Gauntlet | Found a large runed translucent door.
 14003 | Gauntlet | Found a large runed translucent door.
 14003 | Gauntlet | Found a large runed translucent door.
 14003 | Gauntlet | Found a large runed translucent door.
 14003 | Gauntlet | Found a runed translucent door.
 14003 | Gauntlet | Found a runed translucent door.
 14003 | Gauntlet | Found a large runed translucent door.
 14003 | Gauntlet | Found a large runed translucent door.
 14003 | Gauntlet | Found a large runed translucent door.
 14003 | Gauntlet | Found a large runed translucent door.
 14003 | Gauntlet | Found a large runed translucent door.
 14003 | Gauntlet | Found a large runed translucent door.
 14011 | Gauntlet | Found a large runed translucent door.
 14011 | Gauntlet | Found a large runed translucent door.
 14012 | Gauntlet | Found a transporter.
 14012 | Gauntlet | Found a runed translucent gate.
 14012 | Gauntlet | Found a runed translucent gate.
 14012 | Gauntlet | Found a runed translucent gate.
 14012 | Gauntlet | Noticed a hell hog
 14013 | Gauntlet | Found a transporter.
 14014 | Gauntlet | Found a transporter.
 14017 | Gauntlet | Found a transporter.
 14018 | Gauntlet | Found a transporter.
 14021 | Gauntlet | Noticed a large abomination
 14022 | Gauntlet | Found a runed translucent door.
 14022 | Gauntlet | Noticed a death yak
 14023 | Gauntlet | Noticed a blizzard demon
 14023 | Gauntlet | Noticed a death yak
 14024 | Gauntlet | Found a runed translucent door.
 14024 | Gauntlet | Noticed a death yak
 14024 | Gauntlet | Noticed a death yak
 14026 | Gauntlet | Noticed a death yak
 14026 | Gauntlet | Found a transporter.
 14034 | Gauntlet | Found a transporter.
 14085 | Gauntlet | Found a large runed translucent door.
 14086 | Gauntlet | Found a large runed translucent door.
 14093 | Gauntlet | Noticed a ghost crab
 14095 | Gauntlet | Found a transporter.
 14098 | Gauntlet | Found a transporter.
 14102 | Gauntlet | Found a transporter.
 14117 | Gauntlet | Found a transporter.
 14269 | Gauntlet | Killed a hell hog
 14270 | Gauntlet | Reached skill level 5 in Invocations
 14296 | Gauntlet | Identified the +6 rapier "Egoidaec" {elec, *Noise rPois
                  | rC+}
 14300 | Gauntlet | Identified the ring of Jigg {rPois rC++ Will- Dex+6}
 14362 | Gauntlet | Killed a death yak
 14363 | Gauntlet | Reached skill level 18 in Axes
 14376 | Gauntlet | Identified the ring "Hapsoph" {Fire Dex+4}
 14389 | Gauntlet | Killed a death yak
 14390 | Gauntlet | Reached XP level 13. HP: 55/122 MP: 17/17
 14467 | Gauntlet | Identified the +8 falchion of Bankruptcy {flame, rF+ Will+}
 14467 | Gauntlet | Noticed a minotaur
 14497 | Gauntlet | HP: 9/183 [minotaur/the +8 falchion of Bankruptcy {flame,
                  | rF+ Will+} (30)]
 14497 | Gauntlet | HP: 4/183 [minotaur/the +8 falchion of Bankruptcy {flame,
                  | rF+ Will+} (5)]
 14498 | Gauntlet | Killed a minotaur
 14614 | Gauntlet | Identified the +1 robe of the Orange Skies {rN+ Int+2}
 14614 | Gauntlet | Identified the +2 pair of boots of Temperance {+Inv Regen+
                  | rCorr Int+3}
 14614 | Gauntlet | Identified the +1 ring mail "Hahugeoth" {rF+ rC+}
 14705 | Lair:3   | Found a hole to the Spider Nest.
 14815 | Lair:3   | Gained Morbeogh as an ally
 16601 | Lair:5   | Reached skill level 19 in Axes
 16601 | Lair:5   | Gained Herok as an ally
 16760 | Lair:5   | Reached XP level 14. HP: 133/133 MP: 20/20
 16761 | Lair:5   | Identified the ring "Peitsat" {rC+ Int+4}
 17046 | Lair:5   | Found a viscous altar of Jiyva.
 17047 | Lair:5   | Found a staircase to the Slime Pits.
 17071 | Lair:6   | Entered Level 6 of the Lair of Beasts
 17076 | Lair:6   | Reached skill level 15 in Fighting
 17084 | Lair:6   | Your ally Herok died
 17418 | Lair:6   | Noticed a dire elephant
 17433 | Lair:6   | Gained Wargrak as an ally
 17439 | Lair:6   | Killed a dire elephant
 17623 | Lair:6   | Reached skill level 20 in Axes
 17807 | Shoals:1 | Entered Level 1 of the Shoals
 17917 | Shoals:1 | Reached skill level 10 in Invocations
 18097 | Shoals:1 | Reached XP level 15. HP: 136/146 MP: 22/22
 18233 | Shoals:1 | Reached skill level 1 in Evocations
 18405 | Shoals:2 | Found Hagapot's Antique Armour Emporium.
 18405 | Shoals:2 | Found a shimmering blue altar of Sif Muna.
 18424 | Shoals:2 | Found Asopn's Distillery.
 18443 | Shoals:2 | Bought a potion of haste for 120 gold pieces
 18443 | Shoals:2 | Bought a potion of invisibility for 96 gold pieces
 18530 | Shoals:2 | Noticed Ilsuiw
 18544 | Shoals:2 | Killed Ilsuiw
 18587 | Shoals:2 | Found a frozen archway.
 18614 | Shoals:2 | Identified the +10 hand axe "Arcanum" {protect, *Slow rPois
                  | rC+++ Int+2}
 18653 | IceCv    | Entered an ice cave
 18933 | IceCv    | Reached skill level 21 in Axes
 19211 | IceCv    | Gained Warbeogh as an ally
 19269 | IceCv    | Noticed a frost giant
 19269 | IceCv    | Noticed a frost giant
 19282 | IceCv    | Your ally Warbeogh died
 19303 | IceCv    | Killed a frost giant
 19313 | IceCv    | Killed a frost giant
 19316 | IceCv    | HP: 5/149 [rime drake/flash freeze (21)]
 19736 | Shoals:3 | Reached skill level 15 in Armour
 19736 | Shoals:3 | Reached XP level 16. HP: 159/159 MP: 24/24
 19831 | Shoals:4 | Entered Level 4 of the Shoals
 20065 | Shoals:4 | Your ally Bogrim died
 20133 | Shoals:4 | HP: 4/159 [merfolk impaler/+0 demon trident of freezing
                  | (4)]
 20221 | Shoals:4 | Got a barnacled rune of Zot
 20273 | Shoals:4 | Noticed Polyphemus
 20283 | Shoals:4 | Killed Polyphemus
 20336 | Shoals:4 | Found Gahar's Specific Store.
 20336 | Shoals:4 | Found Voggaro's General Store.
 20371 | Shoals:4 | Reached skill level 22 in Axes
 21167 | D:9      | Killed 101zpm's ghost
 21187 | D:9      | Reached skill level 1 in Throwing
 21193 | D:9      | Got the ring "Ahitearr" {Fire rN++ rCorr Str-3 Dex+4}
 21269 | D:9      | Identified the +1 helmet "Ughedwil" {Harm Dex+4}
 21270 | D:9      | Identified the +12 arbalest of the Aged Friends {venom,
                  | Contam Will+ Str+6}
 21417 | Orc:1    | Entered Level 1 of the Orcish Mines
 21442 | Orc:1    | You fall into a shaft and drop 1 floor!
 21442 | Orc:2    | Entered Level 2 of the Orcish Mines
 21606 | Orc:2    | Found Datu's Antique Armour Shop.
 21606 | Orc:2    | Found Neklo's Weapon Boutique.
 21606 | Orc:2    | Found Oseuv's Antique Armour Boutique.
 21618 | Orc:2    | Found Hilon's Jewellery Shop.
 21624 | Orc:2    | Gained Norbak as an ally
 21768 | Orc:1    | Gained Milork as an ally
 22230 | Orc:2    | Found a staircase to the Elven Halls.
 22230 | Orc:2    | Noticed Josephine
 22233 | Orc:2    | Killed Josephine
 22638 | Spider:1 | Entered Level 1 of the Spider Nest
 22640 | Spider:1 | Reached skill level 5 in Throwing
 23101 | Spider:1 | Noticed Louise
 23110 | Spider:1 | Killed Louise
 23698 | Spider:2 | Reached XP level 17. HP: 152/168 MP: 26/26
 24265 | Spider:3 | Your ally Bogwik died
 24786 | Spider:4 | Entered Level 4 of the Spider Nest
 24997 | Spider:4 | Reached skill level 10 in Throwing
 25158 | Spider:4 | Identified the +0 hat "Futeir" {Int+3}
 25165 | Spider:4 | Got a gossamer rune of Zot
 26111 | D:13     | Gained Spirok as an ally
 26183 | D:13     | Found a gate to the Vaults.
 27002 | D:14     | Gained Spirok as an ally
 27070 | D:14     | Gained Gorg as an ally
 27090 | D:14     | Your ally Norbak died
 27159 | D:14     | Identified the +4 flail of Karma {vorpal, rC- Str+2 Stlth+}
 27190 | D:14     | Identified the +5 trident of the Unseen Realm {flame,
                  | Str+4}
 27304 | D:14     | Reached XP level 18. HP: 170/176 MP: 27/27
 27506 | D:15     | Entered Level 15 of the Dungeon
 27591 | D:15     | Gained Milork as an ally
 27670 | D:15     | Found a staircase to the Depths.
 27677 | D:15     | Gained Korbok as an ally
 27729 | D:15     | Noticed Kirke
 27731 | D:15     | Killed Kirke
 27940 | D:15     | Found an ornate altar of the Wu Jian Council.
 28497 | Vaults:1 | Entered Level 1 of the Vaults
 28541 | Vaults:1 | Gained Wargrak as an ally
 28578 | Vaults:1 | Your ally Wargrak died
 28588 | Vaults:1 | Noticed Saint Roka
 28669 | Vaults:1 | Gained Worak as an ally
 28679 | Vaults:1 | Gained Bogdar as an ally
 28684 | Vaults:1 | Your ally Bogdar died
 28696 | D:13     | Killed Saint Roka
 29817 | Vaults:1 | Reached skill level 23 in Axes
 30707 | Vaults:2 | Reached XP level 19. HP: 159/190 MP: 28/28
 30887 | Vaults:2 | Your ally Korbok died
 30888 | Vaults:2 | Gained Ogrik as an ally
 31229 | Vaults:2 | Your ally Wargrak died
 31237 | Vaults:2 | HP: 6/191 [dire elephant (9)]
 31237 | Vaults:2 | Slain by a dire elephant

Illustrated notes

Levels and vault maps discovered:
D:1:      lightli_arrival_quake, layout_basic
D:2:      minmay_alternating_diamond, layout_basic
D:3:      layout_loops_ring, kiku_gazebo_pond_becter, basic_ecumenical_altar,
          grunt_ministairs_14
D:4:      layout_basic, mainiacjoe_overflow_alcove_1,
          minmay_manual_mandibuliform
D:5:      layout_cave_pools, portal_sewer_entry_b, serial_bayou_pond_a,
          nicolae_shop_overcharged_wands
D:6:      layout_basic, minmay_temple_entry_gardened_gates, due_unseen_surprise
D:7:      layout_cave_pools, nicolae_ru_the_path_less_chosen,
          nicolae_qazlal_style_of_elements, minmay_misc_feat_columns,
          minmay_shop_chei, uniq_pikel
D:8:      layout_loops_ring
D:9:      layout_loops_ring, nicolae_tso_carved_into_rock,
          erik_lair_orcish_takeover, gammafunk_ghost_icy, minivault_12
D:10:     layout_small_grid, nemelex_spade_bored_becter, minmay_nine_imps
D:11:     layout_loops_cross, fountainhead
D:12:     layout_layer_cave, kennysheep_orc_monster_closet_entryway,
          minmay_librarian
D:13:     layout_stronghold, erik_vaults_1
D:14:     layout_roguey
D:15:     grunt_enter_depths_magical_seal, layout_stronghold,
          chequers_serial_rivers_marsh, hangedman_decor_lopped,
          nzn_wu_jian_contemplation, uniq_kirke
Lair:1:   layout_cave_shapes, ebering_ghost_xom
Lair:2:   layout_gridlike, elwin_shoals_entry_stream,
          chequers_serial_rivers_small_a, lemuel_fruit_tree
Lair:3:   nzn_winding_woodlands_small [nzn_winding_woodlands_5x15_lazy_stream,
          nzn_winding_woodlands_center_garden,
          nzn_winding_woodlands_5x15_sawtooth], layout_small_grid,
          nicolae_spider_entry_tight_spaces, gauntlet_entry_generic,
          serial_bayou_shore_b, grunt_megastairs_2
Lair:4:   layout_regular_city, infiniplex_staircase_pool, grunt_megastairs_4,
          serial_bayou_shore_b
Lair:5:   layout_roguey, slime_altar_1, serial_bayou_shore_b,
          serial_bayou_shore_a
Lair:6:   grunt_lair_end_beastmaster, layout_hall_layers, serial_bayou_pond_d
Shoals:1: layout_shoals
Shoals:2: layout_shoals, portal_ice_cave_entry_pillars_2, serial_shops,
          nicolae_shop_crystal, lemuel_altar_in_water, nicolae_stop_n_shop_1,
          uniq_ilsuiw, uniq_mlioglotl
Shoals:3: layout_shoals, uniq_aizul
Shoals:4: shoals_end_grunt_ice, layout_shoals, nicolae_specific_store,
          nicolae_shoals_seven_spires, uniq_polyphemus
Spider:1: layout_cave_pods, uniq_louise
Spider:2: layout_spider_delve, drop_trap
Spider:3: layout_spider_delve
Spider:4: grunt_spider_rune_parallel
Orc:1:    layout_diamond_mine, statue_in_the_mist_lemuel, mines1_david
Orc:2:    st_orc_mages, layout_caves, uniq_josephine
Vaults:1: ontoclasm_vaults_decontamination, nicolae_vaults_circle_grid_a,
          v_pattern_5, nicolae_vaults_network_quinsquares
          [nicolae_vaults_network_quincunx_subvault,
          nicolae_vaults_network_quincunx_subvault,
          nicolae_vaults_network_quincunx_subvault,
          nicolae_vaults_network_quincunx_subvault],
          nicolae_vaults_back_hallway, v_rooms_1,
          nicolae_vaults_yaktaur_gun_rack, ontoclasm_vaults_hangar,
          hangedman_vaults_pinch, vaults_room_semicircle,
          layout_vaults_omnicross, uniq_saint_roka
Vaults:2: minmay_crypt_entry_simple_box, grunt_vaults_hallway_short, v_rooms_6,
          nicolae_vaults_network_periphery, v_misc_1,
          nicolae_vaults_circle_grid_a, v_misc_13, ontoclasm_vaults_fault,
          v_misc_28, vaults_room_door_ring, vaults_dpeg_doors,
          nicolae_vaults_little_squares_6, layout_vaults_chaotic_city

Skill      XL: |  1  2  3  4  5  6  7  8  9 10 11 12 13 14 15 16 17 18 19 |
---------------+----------------------------------------------------------+-----
Armour         | 1 2 4 5 6 8 9 10 11 12 13 14 15 | 15.7
Fighting       | 4 5 6 7 9 10 13 14 16 18 19 21 22 | 22.1
Axes           | 5 6 7 10 12 14 16 18 19 20 21 22 23 | 23.9
Dodging        | 3 |  3.1
Maces & Flails | 1 |  1.0
Invocations    | 5 8 10 11 12 | 12.9
Evocations     | 1 |  1.0
Throwing       | 6 12 | 12.6
Stealth        | |  1.5

Action                   |  1- 3 |  4- 6 |  7- 9 | 10-12 | 13-15 | 16-18 | 19-21 || total
-------------------------+-------+-------+-------+-------+-------+-------+-------++-------
Melee: Hand axe          |   151 |   256 |     6 |       |   229 |    73 |       ||   715
       Punch             |     2 |     5 |     9 |     6 |    16 |     1 |       ||    39
       War axe           |       |       |   319 |   460 |   462 |       |       ||  1241
       Whip              |       |       |       |    34 |     6 |       |       ||    40
       Trident           |       |       |       |       |    44 |       |       ||    44
       Battleaxe         |       |       |       |       |    39 |   800 |    58 ||   897
Throw: Javelin           |       |       |       |       |       |     1 |       ||     1
Invok: Convert to Beogh  |       |     1 |       |       |       |       |       ||     1
       Recall Orcish Fol |       |       |       |     3 |     2 |    16 |       ||    21
       Give Item to Name |       |       |       |     2 |     2 |     6 |       ||    10
       Resurrection      |       |       |       |       |     1 |     1 |       ||     2
       Stop Recall       |       |       |       |       |       |     4 |       ||     4
Evoke: Wand              |       |       |     1 |     1 |     3 |     2 |       ||     7
  Use: Potion            |       |     4 |     1 |     2 |    10 |    11 |     2 ||    30
       Scroll            |       |       |    11 |    12 |     3 |     9 |     2 ||    37
 Stab: Distracted        |       |       |     1 |     9 |     8 |    16 |     1 ||    35
       Paralysed         |       |       |       |     8 |     6 |     1 |       ||    15
       Sleeping          |       |       |       |     3 |     5 |     4 |       ||    12
       Invisible         |       |       |       |       |     5 |    16 |       ||    21
       Petrified         |       |       |       |       |     7 |       |       ||     7
       Confused          |       |       |       |       |       |     1 |       ||     1
Armor: Scale mail        |    59 |    96 |    98 |       |       |       |       ||   253
       Robe              |     3 |       |       |       |       |       |       ||     3
       Ring mail         |       |       |   167 |   296 |   535 |   522 |    39 ||  1559
Dodge: Dodged            |    79 |   133 |   296 |   288 |   455 |   546 |    26 ||  1823
